 Dungeon Crawl Stone Soup version 0.20.1-1-g8b1a95d66d (webtiles) character file.

5368 Rrauwl the Impaler (level 10, -2/76 HPs)
             Began as a Merfolk Gladiator on Jan 1, 2018.
             Was a Priest of Okawaru.
             Slain by a two-headed ogre
             ... wielding a +0 giant club
              (9 damage)
             ... on level 9 of the Dungeon.
             The game lasted 00:28:39 (8412 turns).

Rrauwl the Impaler (Merfolk Gladiator)              Turns: 8412, Time: 00:28:40

Health: -2/76      AC:  8    Str: 14    XL:     10   Next: 65%
Magic:  13/13      EV:  2    Int: 12    God:    Okawaru [***...]
Gold:   395        SH:  0    Dex: 17    Spells: 9/9 levels left

rFire    . . .     SeeInvis .   a - +3 scythe (venom)
rCold    + . .     Gourm    .   (shield currently unavailable)
rNeg     + + +     Faith    .   m - +2 robe {rC+}
rPois    ∞         Spirit   .   t - +0 helmet
rElec    .         Reflect  +   C - +1 cloak
rCorr    .         Harm     .   (no gloves)
MR       .....                  r - +0 pair of boots
Stlth    ++........             o - +4 amulet of reflection
Regen    0.3/turn               k - +4 ring of intelligence
MPRegen  0.2/turn               (no ring)

@: petrified, berserk cooldown, slowed
A: change form in water, swift swim, stealthy swim, large bone plates 1, blink,
dopey 1
a: Blink, Heroism, Renounce Religion


You were on level 9 of the Dungeon.
You worshipped Okawaru.
Okawaru was most pleased with you.
You were not hungry.

You visited 2 branches of the dungeon, and saw 10 of its levels.

You collected 395 gold pieces.

Inventory:

Hand Weapons
 a - a +3 scythe of venom (weapon)
 B - a +2 quarterstaff of chaos
Missiles
 b - 5 javelins of returning
 d - 3 throwing nets (quivered)
Armour
 m - a +2 robe of cold resistance (worn)
 r - a +0 pair of boots (worn)
 t - a +0 helmet (worn)
 C - a +1 cloak (worn)
Jewellery
 k - a +4 ring of intelligence (left hand)
 o - a +4 amulet of reflection (around neck)
Wands
 n - a wand of confusion (9/48)
 u - a wand of flame (0/48)
 w - a wand of iceblast (8/15)
 y - a wand of flame (20/48)
 D - a wand of polymorph (10/24)
 F - a wand of enslavement (13/24)
 G - a wand of enslavement (14/24)
Scrolls
 e - 6 scrolls of identify
 g - 3 scrolls of fog
 i - 2 scrolls of fear
 q - 3 scrolls of magic mapping
 v - a scroll of amnesia
 x - a scroll of blinking
 A - 3 scrolls of remove curse
Potions
 j - 3 potions of flight
 l - a potion of magic
 s - a potion of curing
 z - a potion of berserk rage
Books
 p - a book of Maledictions

   Spells                             Type                      Level
   a - Corona                         Hexes                        1
   b - Ensorcelled Hibernation        Hexes/Ice                    2
   c - Confuse                        Hexes                        3
   d - Tukima's Dance                 Hexes                        3
   e - Dazzling Spray                 Conjuration/Hexes            3
 E - a Young Poisoner's Handbook

   Spells                             Type                      Level
   a - Sting                          Conjuration/Poison           1
   b - Poisonous Vapours              Poison/Air                   2
   c - Mephitic Cloud                 Conjuration/Poison/Air       3
   d - Olgreb's Toxic Radiance        Poison                       4
   e - Venom Bolt                     Conjuration/Poison           5
Comestibles
 c - 13 chunks of flesh
 f - 5 bread rations
 h - 4 meat rations
 H - a royal jelly


   Skills:
 - Level 6.0 Fighting
 + Level 15.5 Polearms
 - Level 2.0 Throwing
 - Level 11.0 Dodging
 + Level 5.3 Invocations


You had 9 spell levels left.
You didn't know any spells.

Dungeon Overview and Level Annotations

Branches:
Dungeon (9/15)             Temple (1/1) D:6            Lair (0/6) D:8
    Orc: D:9-12

Altars:
Ashenzari
Cheibriados
Dithmenos
Elyvilon
Fedhas
Gozag
Hepliaklqana
Kikubaaqudgha
Makhleb
Nemelex Xobeh
Okawaru
Qazlal
Ru
Sif Muna
Trog
Uskayaw
Vehumet
Xom
Yredelemnul
Zin
The Shining One

Shops:
D:5 [   D:8 }


Innate Abilities, Weirdness & Mutations

You revert to your normal form in water.
You are very nimble and swift while swimming.
You are very stealthy in the water. (Stealth+)
You are partially covered in large bone plates. (SH +4)
You can translocate small distances at will.
You are dopey. (Int -2)


Message History

You have turned to stone.
You are no longer berserk.
You feel yourself slow down.
The two-headed ogre hits you with a giant club!
The two-headed ogre hits you with a giant club!!
An iguana comes into view.
The two-headed ogre hits you with a giant club!
The two-headed ogre hits you with a giant club.
The two-headed ogre hits you with a giant club!
The two-headed ogre completely misses you.
The two-headed ogre hits you with a giant club!
The two-headed ogre completely misses you.
The two-headed ogre hits you with a giant club!
* * * LOW HITPOINT WARNING * * *
The two-headed ogre hits you with a giant club!
* * * LOW HITPOINT WARNING * * *
The two-headed ogre hits you with a giant club!
* * * LOW HITPOINT WARNING * * *
The two-headed ogre hits you with a giant club!!
You die... #.## #......# .... ....... #### ...... ....# ...# lc#

...##O#
...##@#
#####..##)#
##......##.#
........##.#
#
........##.#
#
.gg......#.#
#
.........#.#
#
####.###...#
# ##..#


You could see a two-headed ogre, a centaur and an iguana.

Vanquished Creatures
  Joseph (D:7)
  Psyche (D:9)
  Grinder (D:3)
  Sigmund (D:4)
  A vampire (D:9)
  A wyvern (D:9)
  Menkaure (D:6)
  Edmund (D:6)
  A water moccasin (D:9)
  A hell hound (D:8)
  An ice beast (D:6)
  Duvessa (D:4)
  4 orc warriors
  A black bear (D:6)
  A sky beast (D:7)
  3 ogres
  4 phantoms
  4 centaurs
  A crocodile (D:7)
  Blork the orc (D:6)
  3 bullfrogs
  A wyvern zombie (D:9)
  4 scorpions
  Dowan (D:4)
  A wyvern skeleton (D:9)
  A water moccasin skeleton (D:8)
  2 howler monkeys (D:9)
  2 crimson imps
  2 centaur zombies
  A quasit (D:6)
  A bullfrog skeleton (D:8)
  2 hounds
  A jelly (D:5)
  A centaur skeleton (D:9)
  5 orc priests
  Crazy Yiuf (D:7)
  12 orc wizards
  An iguana (D:6)
  6 worker ants
  A hound skeleton (D:6)
  A howler monkey zombie (D:7)
  10 adders
  7 gnolls
  A shadow imp (D:6)
  An ooze (D:3)
  An adder skeleton (D:9)
  An adder zombie (D:6)
  3 worms
  5 leopard geckos
  34 orcs
  A ball python (D:2)
  5 giant cockroaches
  9 goblins
  8 hobgoblins
  2 jackals (D:9)
  A quokka (D:5)
  4 bats
  8 frilled lizards
  4 kobolds
  A quokka zombie (D:5)
  6 rats
  A fungus (D:3)
194 creatures vanquished.

Notes
Turn   | Place    | Note
-------+----------+-------------------------------------------
     0 | D:1      | Rrauwl the Merfolk Gladiator began the quest for the Orb.
     0 | D:1      | Reached XP level 1. HP: 16/16 MP: 1/1
   100 | D:1      | Reached XP level 2. HP: 12/22 MP: 2/2
   252 | D:1      | Reached skill level 5 in Polearms
   527 | D:1      | Reached XP level 3. HP: 27/27 MP: 3/3
   890 | D:2      | Reached skill level 5 in Dodging
  1031 | D:2      | Reached skill level 6 in Polearms
  1031 | D:2      | Reached XP level 4. HP: 25/33 MP: 4/4
  1444 | D:2      | Found a radiant altar of Vehumet.
  1773 | D:3      | Noticed Grinder
  1781 | D:3      | Paralysed by Grinder for 5 turns
  1789 | D:3      | Reached XP level 5. HP: 24/38 MP: 5/5
  1798 | D:3      | Killed Grinder
  1798 | D:3      | Reached skill level 7 in Polearms
  1798 | D:3      | Reached XP level 6. HP: 26/44 MP: 6/6
  2024 | D:3      | Reached skill level 8 in Polearms
  2096 | D:3      | Found a faded altar of an unknown god.
  2247 | D:3      | Found a sacrificial altar of Ru.
  2946 | D:4      | Noticed Sigmund
  2958 | D:4      | Killed Sigmund
  2958 | D:4      | Reached skill level 9 in Polearms
  2958 | D:4      | Reached XP level 7. HP: 50/50 MP: 7/7
  3159 | D:4      | Found a basalt altar of Yredelemnul.
  3162 | D:4      | Found a glowing silver altar of Zin.
  3165 | D:4      | Found a sparkling altar of Nemelex Xobeh.
  3403 | D:4      | Noticed Duvessa
  3403 | D:4      | Noticed Dowan
  3445 | D:4      | Killed Dowan
  3467 | D:4      | Killed Duvessa
  3950 | D:5      | Entered Level 5 of the Dungeon
  4007 | D:5      | Reached skill level 10 in Polearms
  4010 | D:5      | Reached XP level 8. HP: 24/56 MP: 8/8
  4882 | D:5      | Found Seabbiap's Antique Armour Shop.
  4905 | D:5      | Reached skill level 11 in Polearms
  4960 | D:5      | Reached skill level 10 in Dodging
  5354 | D:6      | Found a staircase to the Ecumenical Temple.
  5379 | Temple   | Entered the Ecumenical Temple
  5503 | Temple   | Became a worshipper of Warmaster Okawaru
  5847 | D:6      | Gained mutation: You are partially covered in large bone plates. (SH +4) [potion of mutation]
  5847 | D:6      | Gained mutation: You are dopey. (Int -2) [potion of mutation]
  5847 | D:6      | Gained mutation: You can translocate small distances at will. [potion of mutation]
  5893 | D:6      | Noticed a water elemental
  5895 | D:6      | Noticed Edmund
  5910 | D:6      | Killed Edmund
  5910 | D:6      | Reached XP level 9. HP: 63/64 MP: 9/9
  5917 | D:6      | Found a stormy altar of Qazlal.
  5986 | D:6      | Noticed Blork the orc
  5991 | D:6      | Reached skill level 12 in Polearms
  5999 | D:6      | Killed Blork the orc
  6122 | D:6      | Noticed Menkaure
  6126 | D:6      | Killed Menkaure
  6126 | D:6      | Reached * piety under Okawaru
  6620 | D:6      | Reached skill level 1 in Invocations
  6769 | D:7      | Reached skill level 5 in Fighting
  6852 | D:7      | Reached ** piety under Okawaru
  6883 | D:7      | Found a runed door.
  6914 | D:7      | Noticed Crazy Yiuf
  6920 | D:7      | Killed Crazy Yiuf
  6963 | D:7      | Reached skill level 13 in Polearms
  6964 | D:7      | Noticed Joseph
  6978 | D:7      | Killed Joseph
  6978 | D:7      | Reached XP level 10. HP: 76/76 MP: 11/13
  7388 | D:8      | Found Ulun's Gadget Shoppe.
  7428 | D:8      | Found a staircase to the Lair.
  7520 | D:8      | Reached skill level 14 in Polearms
  7951 | D:9      | Reached *** piety under Okawaru
  7961 | D:9      | Reached skill level 15 in Polearms
  8087 | D:9      | Found a shimmering altar of Xom.
  8088 | D:9      | Found a hazy altar of Hepliaklqana.
  8089 | D:9      | Noticed a spectral ugly thing
  8391 | D:9      | Noticed Psyche
  8395 | D:9      | Reached skill level 5 in Invocations
  8398 | D:9      | Noticed a two-headed ogre
  8404 | D:9      | Killed Psyche
  8412 | D:9      | Slain by a two-headed ogre

Skill      XL: |  1  2  3  4  5  6  7  8  9 10 |
---------------+-------------------------------+-----
Polearms       | 5 6 7 9 10 11 13 15 | 15.5
Dodging        | 5 6 7 8 10 11 | 11.0
Fighting       | 3 6 |  6.0
Invocations    | 4 5 |  5.3
Throwing       | |  2.0

Action                   |  1- 3 |  4- 6 |  7- 9 | 10-12 || total
-------------------------+-------+-------+-------+-------++-------
Melee: Trident           |   121 |   138 |   245 |       ||   504
       Halberd           |       |       |   226 |    84 ||   310
       Scythe            |       |       |       |    90 ||    90
Invok: Heroism           |       |       |     1 |       ||     1
Evoke: Wand              |       |       |     5 |       ||     5
  Use: Potion            |     4 |     7 |     6 |     1 ||    18
       Scroll            |     2 |     2 |     7 |     7 ||    18
 Stab: Sleeping          |     1 |     2 |     4 |     3 ||    10
       Confused          |       |       |     3 |       ||     3
       Distracted        |       |       |       |     2 ||     2
  Eat: Chunk             |     1 |     6 |     6 |     4 ||    17
       Bread ration      |       |       |     1 |       ||     1
       Fruit             |       |       |     1 |     1 ||     2
       Royal jelly       |       |       |     1 |       ||     1
Armor: Leather armour    |    21 |     8 |       |       ||    29
       Robe              |       |     3 |    36 |    15 ||    54
       Skin              |       |       |     6 |       ||     6
Dodge: Dodged            |    59 |    71 |   200 |   100 ||   430
Block: Other             |       |     8 |    82 |    60 ||   150
       Reflection        |       |       |     2 |     2 ||     4
